Map: Opresión del vacío

Players

LaL

  • Race: Zerg Zerg

Jaencio

  • Race: Zerg Zerg

VOD

Have the link to the VOD?

Description

Time

  • Played on: May 17, 2025, 12:09 p.m.
  • Length: 17:11
Show
View Real Time Build Order
Export as new Build Order

LaL Zerg 

Build Orders:  

Get SALT Encoding   

  18  0:04  Primal Drone  
  19  0:12  Primal Drone  
  19  0:19  Primal Drone  
  21  0:30  Primal Drone  
  21  0:33  Extractor  
  22  0:44  Extractor  
  22  0:45  Primal Drone  
  23  0:56  Primal Drone  
  24  1:18  Primal Drone  
  25  1:21  Primal Drone  
  26  1:35  Primal Warden  
  27  1:41  Primal Drone  
  28  1:57  Primal Drone  
  29  2:09  Primal Drone  
  30  2:25  Primal Drone  
  31  2:55  Primal Drone  
  32  3:01  Glevig's Den, Primal Attacks Level 1  
  31  3:43  Primal Drone x3  
  31  3:46  Primal Drone  
  38  4:00  Primal Warden  
  38  4:02  Primal Warden  
  38  4:05  Primal Drone  
  38  4:08  Primal Warden  
  39  4:57  Primal Drone  
  39  4:58  Primal Drone  
  41  5:00  Primal Drone  
  41  5:06  Murvar's Den  
  41  5:50  Primal Drone x3  
  41  5:51  Primal Carapace Level 1  
  41  5:53  Primal Drone  
  45  6:19  Primal Drone  
  41  6:51  Primal Drone x2  
  43  7:18  Dakrun's Den  
  43  7:19  Primal Drone x2  
  44  8:16  Primal Drone x2  
  44  8:17  Primal Drone  
  42  8:31  Primal Attacks Level 2  
  42  10:43  Primal Drone  
  42  10:44  Primal Drone x4  
  47  11:41  Primal Carapace Level 2  
  47  13:21  Primal Drone x3  
  47  13:22  Primal Drone x2  
  52  14:31  Primal Drone x2  
  52  14:32  Primal Drone x2  
  56  15:27  Primal Drone x3  
Show
View Real Time Build Order
Export as new Build Order

Jaencio Zerg 

Build Orders:  

Get SALT Encoding   

  12  0:03  Drone  
  13  0:20  Drone  
  13  0:21  Overlord  
  14  0:47  Extractor  
  14  0:48  Extractor  
  14  0:49  Drone x4  
  16  0:59  Drone  
  7  1:00  Drone  
  18  1:12  Drone x2  
  20  1:22  Overlord  
  20  1:33  Drone  
  21  1:47  Drone x2  
  23  1:50  Spawning Tool  
  23  1:54  Drone  
  23  2:19  Drone x3  
  26  2:30  Zergling x2  
  26  2:37  Zergling x2  
  28  2:57  Zergling x4  
  30  3:26  Infestation Pit  
  30  3:27  Hydralisk Den  
  28  3:50  Drone  
  28  3:51  Drone  
  28  3:58  Evolution Chamber  
  29  4:00  Evolution Chamber  
  28  4:23  Metabolic Boost  
  28  4:24  Hatchery  
  28  4:27  Hatchery  
  26  5:06  Drone x3  
  26  5:07  Zerg Melee Weapons Level 1  
  26  5:08  Zerg Ground Armor Level 1, Zerg Missile Weapons Level 1  
  26  5:09  Hardened Ergonergy Shield  
  29  5:11  Erudition Missile Launchers  
  29  5:14  Zergling x2  
  29  5:18  Overlord  
  30  5:30  Zergling  
  30  5:35  Zergling  
  29  5:51  Zergling  
  29  5:53  Zergling x2  
  29  5:54  Zergling  
  29  6:12  Zergling  
  29  6:14  Drone  
  29  6:15  Drone x13, Zergling  
  29  6:19  Extractor  
  40  6:20  Extractor  
  37  6:49  Hydralisk x4  
  46  6:52  Zergling x4  
  48  7:09  Zergling x2  
  44  7:10  Zergling x3  
  48  7:13  Zergling  
  48  7:14  Overlord  
  48  7:15  Overlord x2  
  50  7:27  Zergling  
  50  7:34  Zergling  
  50  7:35  Zergling  
  50  7:38  Zergling  
  48  7:50  Zergling  
  47  8:08  Zerg Missile Weapons Level 2, Zerg Ground Armor Level 2, Zerg Melee Weapons Level 2  
  44  8:10  Muscular Augments  
  40  8:25  Hydralisk  
  40  8:26  Zergling  
  40  8:45  Zergling x6  
  40  8:46  Zergling x6  
  45  9:02  Zergling x12  
  45  9:03  Zergling x6  
  54  9:10  Zergling  
  54  9:12  Zergling x2  
  54  9:13  Hydralisk  
  54  9:14  Hydralisk x2  
  60  9:33  Drone x6  
  60  9:34  Drone x5  
  59  9:40  Drone x2  
  72  10:00  Adrenal Glands  
  72  10:02  Tyr-Class Targeting System  
  72  10:33  Zergling  
  72  10:35  Zergling  
  72  10:47  Hatchery  
  72  10:48  Extractor  
  70  10:54  Drone x2, Extractor  
  70  10:55  Drone x3  
  73  11:05  Ultralisk Cavern  
  73  11:09  Baneling Nest  
  71  11:10  Zergling  
  71  11:12  Zergling  
  71  11:14  Zergling  
  71  11:25  Zerg Missile Weapons Level 3, Zergling, Zerg Ground Armor Level 3, Zerg Melee Weapons Level 3  
  71  11:32  Zergling  
  71  11:33  Zergling  
  71  11:34  Zergling  
  71  11:35  Zergling  
  71  11:40  Zergling  
  69  11:41  Hydralisk  
  69  11:42  Hydralisk  
  69  11:45  Overlord x7  
  69  11:46  Zergling, Overlord x8  
  69  11:48  Zergling  
  73  11:50  Zergling  
  73  11:52  Drone x3  
  73  11:54  Zergling  
  74  12:07  Zergling  
  70  12:26  Zergling  
  67  12:34  Drone  
  67  12:38  Drone  
  67  12:39  Drone x13  
  77  12:40  Drone x4  
  82  12:41  Zergling  
  86  12:58  Electrostatic Surprise, Mecha Mooch Module  
  85  13:03  Ultralisk  
  91  13:19  Overlord x2  
  91  13:20  Overlord  
  91  13:21  Overlord  
  91  13:23  Overseer  
  91  13:47  Ultralisk x2  
  91  13:49  Zergling x2  
  103  13:50  Zergling x6  
  103  13:51  Zergling  
  103  13:58  Chitanium Plating  
  104  14:39  Zergling  
  104  14:40  Zergling  
  104  14:42  Zergling  
  104  14:43  Ultralisk x3  
  104  14:44  Ultralisk x2, Zergling  
  134  14:50  Hydralisk x3  
  140  15:04  Egonergy Efficient Barrier, Anti-Centripetal Rocket Servos  
  138  15:14  Zergling  
  138  15:18  Zergling x2  
  138  15:19  Zergling x14  
  139  15:20  Zergling  
  139  15:21  Zergling  
  146  15:31  Hydralisk  
  146  15:32  Zergling, Hydralisk x5  
  146  15:34  Zergling  
  146  15:38  Zergling  
  146  15:39  Zergling x2  
  158  15:44  Zergling  
  157  15:53  Zergling x2  
  157  15:54  Zergling x5  
  157  15:55  Zergling x2  
  157  15:56  Zergling x3  
  156  16:09  Zergling  
  153  16:32  Zergling x2  
  153  16:33  Zergling x18  
Tags
 
Add a new tag
Caveats
  • Supply blocks, unpowered buildings, or Contaminate may cause inaccurate times.
  • Supply counts are checked every 10 seconds.